 Dungeon Sprint DCSS version 0.21-a0-94-gdd6ab6a (webtiles) character file.

9041 Kidiri the Unseen (level 11, -4/58 HPs)
             Began as a Spriggan Enchanter on July 1, 2017.
             Was an Elder of Dithmenos.
             Killed from afar by a crystal guardian (36 damage)
             ... with a crystal bolt
             ... in the Dungeon (Sprint II: "The Violet Keep of Menkaure").
             The game lasted 00:11:26 (1506 turns).

Kidiri the Unseen (Spriggan Enchanter)              Turns: 1506, Time: 00:11:26

Health: -4/58      AC:  4    Str:  8    XL:     11   Next: 17%
Magic:  25/29      EV: 32    Int: 22    God:    Dithmenos [****..]
Gold:   771        SH:  0    Dex: 18    Spells: 25/37 levels left

rFire    . . .     SeeInvis +   k - +9 dagger "Estab" {protect, rN+ Str+4}
rCold    . . .     Gourm    .   (shield restricted)
rNeg     + . .     Faith    .   b - +0 robe
rPois    .         Spirit   .   m - +2 hat {SInv}
rElec    .         Reflect  .   (no cloak)
rCorr    .         Harm     .   (gloves unavailable)
MR       +....     NoTele   +   (boots unavailable)
Stlth    +++++++++.             i - amulet of regeneration
HPRegen  0.59/turn              a - +3 ring of intelligence (curse)
MPRegen  0.21/turn              (no ring)

@: wreathed by umbra, very quick
A: unfitting armour, see invisible, herbivore 3, speed 3, slow metabolism 2
a: Shadow Step, Renounce Religion


You were in the Dungeon.
You worshipped Dithmenos.
Dithmenos was greatly pleased with you.
You were not hungry.

You visited 1 branch You collected 1702 gold pieces.
You spent 931 gold pieces at shops.

Inventory:

Hand Weapons
 k - the +9 dagger "Estab" (weapon) {protect, rN+ Str+4}
   (You bought it in a shop in the Dungeon)

   It protects the one who uses it against injury (+AC on strike).
   It affects your strength (+4).
   It protects you from negative energy.
Armour
 b - a +0 robe (worn)
 m - a +2 hat of see invisible (worn)
Jewellery
 a - a cursed +3 ring of intelligence (left hand)
 i - an amulet of regeneration (around neck)
 o - an uncursed ring of poison resistance {unknown}
 u - a cursed amulet of inaccuracy {unknown}
Scrolls
 j - a scroll of blinking
 l - a scroll of fog {unknown}
 n - a scroll of identify {unknown}
 s - a scroll of fear {unknown}
 v - a scroll of remove curse {unknown}
Potions
 e - 2 potions of curing
 f - a potion of heal wounds
 g - a potion of haste
 h - 2 potions of magic
 p - 3 potions of flight {unknown}
 q - a potion of might {unknown}
 r - 2 potions of cancellation {unknown}
 t - 3 potions of resistance {unknown}
 x - a potion of ambrosia {unknown}
Books
 c - a book of Maledictions

   Spells                             Type                      Level
   a - Corona                         Hexes                        1
   b - Ensorcelled Hibernation        Hexes/Ice                    2
   c - Confuse                        Hexes                        3
   d - Tukima's Dance                 Hexes                        3
   e - Dazzling Spray                 Conjuration/Hexes            3
Comestibles
 d - 2 bread rations
 w - a royal jelly


   Skills:
 + Level 6.8 Fighting
 * Level 12.5 Short Blades
 + Level 6.3 Armour
 * Level 15.9 Dodging
 * Level 17.3 Stealth
 * Level 13.7 Spellcasting
 + Level 10.6 Hexes
 + Level 5.4 Invocations


You had 25 spell levels left.
You knew the following spells:

 Your Spells              Type           Power        Failure   Level  Hunger
a - Corona                Hex            ######.      1%          1    None
b - Ensorcelled Hibernat  Hex/Ice        #####.       1%          2    None
c - Confuse               Hex            ######..     1%          3    None
d - Tukima's Dance        Hex            ######..     1%          3    None
e - Dazzling Spray        Conj/Hex       #####.       1%          3    None


Dungeon Overview and Level Annotations

Branches:
Dungeon (1/1)

Altars:
Cheibriados
Dithmenos
Elyvilon
Fedhas
Gozag
Hepliaklqana
Kikubaaqudgha
Makhleb
Nemelex Xobeh
Okawaru
Qazlal
Ru
Sif Muna
Trog
Uskayaw
Vehumet
Wu Jian
Xom
Yredelemnul
Zin
The Shining One
Beogh
Jiyva
Lugonu

Shops:
D =%:([(!?=%::[![}

Annotations:
D exclusions: oklob plant and orange crystal statue


Innate Abilities, Weirdness & Mutations

You are very small and have problems with some larger weapons.
You are too small for most types of armour.
You have supernaturally acute eyesight. (SInv)
You are a herbivore.
You cover ground extremely quickly.
You need consume almost no food.


Message History

The shadow shard hits the crystal guardian.
The crystal guardian hits you but does no damage.
Casting: Dazzling Spray
Confirm with . or Enter, or press ? or * to list all spells.
Aiming: Dazzling Spray
Press: ? - help, Shift-Dir - straight line, f/p - crystal guardian
Aim: a crystal guardian (heavily damaged, umbra)
The spray of energy hits the crystal guardian.
The crystal guardian is severely damaged.
The crystal guardian fires a crystalline bolt at you.
The crystal bolt misses you. The crystal bolt burns you!
Casting: Dazzling Spray
Confirm with . or Enter, or press ? or * to list all spells.
You don't have enough magic to cast that spell.
Unknown command.
Magic courses through your body.
The crystal guardian fires a crystalline bolt at you.
The crystal bolt misses you. The crystal bolt freezes you!
Ouch! That really hurt!
You die...

≈§§§≈≈§§## ▓▓+▓▓▓▓.▓
§§§8≈§§§≈##++## +.§.▓0..▓
§§§§§§§##≈...### #.§§▓▓▓▓▓▓▓▓▓▓
§≈§≈ #.≈.....# #...▓≈≈≈≈§§≈§▓▓
+++#+++#####^...# ##)[▓▓▓▓▓▓▓▓▓▓▓
........#..+..((# .#§§▓))..(.(.▓▓
.##+##..#..####.# .#":▓...[)...▓▓
##.#.##.####.%+.##k#:§▓.(..)..)▓▓
#..#..#....#.%#.@8####▓......[.▓▓
##.#.####..#####†.##.#▓)(.[)...▓▓
###+###.##..# +..#.)#▓()).%...▓▓
.##%##.).#..# #..#..#▓..([...[▓▓
#'.<.'.#.+..####.^##.#▓).(..([(▓▓
###.##...#.§..###...##▓▓▓▓▓▓▓+▓▓▓
###+###.##......≈≈≈≈≈≈≈≈≈≈≈≈≈...≈
##.#.####≈§.....≈#+########+###.≈
#.##..#≈≈§≈≈≈≈§.≈#_._._...#≈≈§##≈


You could see a death drake and a crystal guardian.

Vanquished Creatures
  A deep elf master archer (D)
  A kraken (D)
  2 hell hogs (D)
  A death drake (D)
  2 deep trolls (D)
  A merfolk siren (D)
  A yaktaur (D)
  5 polar bears (D)
  2 tyrant leeches (D)
  A hornet (D)
  4 neqoxecs (D)
  Menkaure (D)
  2 swamp drakes (D)
  3 crocodiles (D)
  A hell rat (D)
  3 worms (D)
  3 tentacles (D)
34 creatures vanquished.

Vanquished Creatures (others)
  A crocodile (D)
  12 tentacles (D)
13 creatures vanquished.

Grand Total: 47 creatures vanquished

Notes
Turn   | Place    | Note
-------+----------+-------------------------------------------
     0 | D        | Kidiri the Spriggan Enchanter began the quest for the Orb.
     0 | D        | Reached XP level 1. HP: 9/9 MP: 5/5
     1 | D        | Noticed a tyrant leech
     1 | D        | Noticed a tyrant leech
    15 | D        | Reached skill level 5 in Stealth
    20 | D        | Reached XP level 2. HP: 5/14 MP: 7/7
    33 | D        | Learned a level 2 spell: Ensorcelled Hibernation
    50 | D        | Killed a crocodile
   257 | D        | Noticed a neqoxec
   261 | D        | Noticed a merfolk siren
   276 | D        | Killed a merfolk siren
   276 | D        | Reached skill level 9 in Stealth
   276 | D        | Reached skill level 5 in Hexes
   276 | D        | Reached XP level 3. HP: 14/19 MP: 1/12
   276 | D        | Reached XP level 4. HP: 17/23 MP: 1/14
   276 | D        | Reached XP level 5. HP: 21/28 MP: 1/15
   276 | D        | Reached XP level 6. HP: 24/32 MP: 1/17
   301 | D        | Learned a level 3 spell: Confuse
   305 | D        | Learned a level 3 spell: Tukima's Dance
   309 | D        | Learned a level 3 spell: Dazzling Spray
   393 | D        | Killed a tyrant leech
   393 | D        | Reached skill level 10 in Stealth
   401 | D        | Killed a tyrant leech
   401 | D        | Reached skill level 10 in Dodging
   401 | D        | Reached skill level 11 in Stealth
   401 | D        | Reached XP level 7. HP: 37/37 MP: 11/20
   462 | D        | Killed a neqoxec
   463 | D        | Noticed a neqoxec
   464 | D        | Killed a neqoxec
   464 | D        | Reached skill level 12 in Stealth
   467 | D        | Noticed a neqoxec
   467 | D        | Noticed a neqoxec
   469 | D        | Killed a neqoxec
   469 | D        | Reached XP level 8. HP: 42/42 MP: 20/22
   504 | D        | Noticed an orange crystal statue
   506 | D        | Noticed Menkaure
   507 | D        | Found Taecedgh's Antique Armour Shoppe.
   507 | D        | Found Vinnarph's Gadget Emporium.
   508 | D        | Killed Menkaure
   534 | D        | Found Koimme's Distillery.
   535 | D        | Found Goidac's Book Emporium.
   536 | D        | Found Mijyg's Food Shoppe.
   539 | D        | Reached skill level 10 in Spellcasting
   544 | D        | Found Fug Nues's Jewellery Shoppe.
   544 | D        | Found Innus's Antique Armour Emporium.
   546 | D        | Found Seran's Book Shoppe.
   546 | D        | Found Evonwac's Magic Scroll Emporium.
   547 | D        | Found Zatsedol's Distillery.
   547 | D        | Found Sonan's Antique Weapon Emporium.
   548 | D        | Noticed an ice dragon
   551 | D        | Noticed a spiny frog
   552 | D        | Found Widial's Antique Armour Shoppe.
   552 | D        | Found Weisum's Weapon Emporium.
   552 | D        | Noticed an oklob plant
   552 | D        | Noticed a spiny frog
   553 | D        | Found Jukhi's Food Shoppe.
   553 | D        | Found Ebloy's Jewellery Emporium.
   553 | D        | Found Oplane's Book Shoppe.
   563 | D        | Noticed a death yak
   566 | D        | Bought the +9 dagger "Estab" {protect, rN+ Str+4} for 804 gold pieces
   572 | D        | Noticed a flying skull
   573 | D        | Noticed a flying skull
   575 | D        | Bought a cursed +3 ring of intelligence for 127 gold pieces
   614 | D        | Found an iron altar of Okawaru.
   614 | D        | Found an opulent altar of Gozag.
   615 | D        | Found a sparkling altar of Nemelex Xobeh.
   615 | D        | Found a blossoming altar of Fedhas.
   616 | D        | Found a radiant altar of Vehumet.
   616 | D        | Found a burning altar of Makhleb.
   616 | D        | Found a white marble altar of Elyvilon.
   617 | D        | Found a hide-covered altar of Uskayaw.
   617 | D        | Found a corrupted altar of Lugonu.
   617 | D        | Found a shadowy altar of Dithmenos.
   618 | D        | Found a glowing silver altar of Zin.
   618 | D        | Found a bloodstained altar of Trog.
   618 | D        | Found an ancient bone altar of Kikubaaqudgha.
   619 | D        | Found a basalt altar of Yredelemnul.
   619 | D        | Found a deep blue altar of Sif Muna.
   619 | D        | Found a viscous altar of Jiyva.
   620 | D        | Found a snail-covered altar of Cheibriados.
   621 | D        | Found a roughly hewn altar of Beogh.
   621 | D        | Noticed a polar bear
   624 | D        | Found a shimmering altar of Xom.
   624 | D        | Found a sacrificial altar of Ru.
   626 | D        | Found a glowing golden altar of the Shining One.
   626 | D        | Found an ornate altar of the Wu Jian Council.
   626 | D        | Found a stormy altar of Qazlal.
   626 | D        | Found a hazy altar of Hepliaklqana.
   626 | D        | Noticed a hornet
   627 | D        | Noticed a yaktaur
   628 | D        | Noticed a polar bear
   635 | D        | Killed a polar bear
   635 | D        | Reached skill level 13 in Stealth
   639 | D        | Noticed a polar bear
   649 | D        | Killed a polar bear
   653 | D        | Killed a polar bear
   657 | D        | Killed a hornet
   657 | D        | Reached skill level 5 in Fighting
   657 | D        | Reached XP level 9. HP: 47/47 MP: 10/24
   662 | D        | Killed a yaktaur
   679 | D        | Became a worshipper of Dithmenos the Shadowed
   695 | D        | Noticed a kraken
   912 | D        | Killed a kraken
   912 | D        | Reached skill level 10 in Short Blades
   912 | D        | Reached skill level 5 in Armour
   912 | D        | Reached skill level 15 in Stealth
   995 | D        | Reached * piety under Dithmenos
   995 | D        | Reached XP level 10. HP: 46/53 MP: 8/27
  1154 | D        | Noticed a deep troll
  1155 | D        | Noticed a deep troll
  1157 | D        | Killed a deep troll
  1160 | D        | Killed a deep troll
  1160 | D        | Reached ** piety under Dithmenos
  1256 | D        | Noticed a death drake
  1287 | D        | Noticed a deep elf master archer
  1289 | D        | Noticed a hell hog
  1289 | D        | Noticed a hell hog
  1291 | D        | Killed a hell hog
  1291 | D        | Reached *** piety under Dithmenos
  1291 | D        | Reached skill level 16 in Stealth
  1291 | D        | Reached skill level 10 in Hexes
  1293 | D        | Killed a hell hog
  1293 | D        | Reached skill level 15 in Dodging
  1405 | D        | Killed a deep elf master archer
  1405 | D        | Reached **** piety under Dithmenos
  1405 | D        | Reached skill level 17 in Stealth
  1405 | D        | Reached skill level 5 in Invocations
  1405 | D        | Reached XP level 11. HP: 58/58 MP: 14/29
  1485 | D        | Noticed a death drake
  1489 | D        | Killed a death drake
  1492 | D        | Noticed a crystal guardian
  1506 | D        | Killed from afar by a crystal guardian

Vault maps used:
D:        the_violet_keep_of_menkaure

Skill      XL: |  1  2  3  4  5  6  7  8  9 10 |
---------------+-------------------------------+-----
Spellcasting   | 3 7 8 9 10 12 13 | 13.7
Short Blades   | 2 6 7 8 9 10 12 | 12.5
Stealth        | 5 9 11 12 13 15 17 | 17.3
Fighting       | 2 3 4 5 6 |  6.8
Armour         | 2 3 4 5 6 |  6.3
Dodging        | 8 10 11 12 13 15 | 15.9
Hexes          | 5 7 8 9 10 | 10.6
Invocations    | 3 5 |  5.4

Action                   |  1- 3 |  4- 6 |  7- 9 | 10-12 || total
-------------------------+-------+-------+-------+-------++-------
Melee: Dagger            |    12 |     2 |    26 |    21 ||    61
 Cast: Ensorcelled Hiber |     5 |     4 |    13 |    13 ||    35
       Confuse           |       |       |     3 |     5 ||     8
       Dazzling Spray    |       |       |    14 |     8 ||    22
  Use: Potion            |     2 |       |     1 |     1 ||     4
 Stab: Sleeping          |     2 |     2 |     8 |     7 ||    19
       Confused          |       |       |     3 |     1 ||     4
       Invisible         |       |       |     5 |     2 ||     7
Armor: Robe              |       |       |     2 |     1 ||     3
Dodge: Dodged            |     4 |     1 |    50 |    35 ||    90
